 Dungeon Crawl Stone Soup version 0.32-a0-656-g3542139ebd (webtiles) character file.

Game seed: 2403264707644369480

92 Dittersdorf the Covered (level 4, 0/29 HPs)
             Began as a Gargoyle Fighter on Mar 8, 2024.
             Slain by an ice beast (10 damage)
             ... on level 2 of the Dungeon.
             The game lasted 00:01:24 (1455 turns).

Dittersdorf the Covered (Gargoyle Fighter)          Turns: 1455, Time: 00:01:24

Health: 0/29       AC: 22    Str: 21    XL:     4   Next: 60%
Magic:  4/4        EV:  9    Int:  9    God:
Gold:   101        SH:  4    Dex:  9    Spells: 3/3 levels left

rFire   . . .        r - +1 flail (protect)
rCold   . . .        c - +0 buckler
rNeg    + . .        b - +0 scale mail
rPois   ∞            (no helmet)
rElec   +            (no cloak)
rCorr   .            f - +2 pair of gloves
SInv    .            e - +0 pair of boots
Will    .....        (no amulet) Stlth
                     (no ring)
HPRegen 0.24/turn    (no ring)
MPRegen 0.09/turn

%: no passive effects
@: under a protective aura
A: sickness immunity, AC +3, negative energy resistance 1, electricity
resistance, torment resistance 1, petrification resistance
a: no special abilities


You were on level 2 of the Dungeon.
You visited 1 branch of the dungeon, and saw 3 of its levels.

You collected 101 gold pieces.

Inventory:

Hand Weapons
 r - a +1 flail of protection (weapon)
Missiles
 k - a throwing net (quivered)
Armour
 b - a +0 scale mail (worn)
 c - a +0 buckler (worn)
 e - a +0 pair of boots (worn)
 f - a +2 pair of gloves (worn)
Wands
 p - a wand of flame (11)
Scrolls
 g - 2 scrolls of amnesia {unknown}
 h - a scroll of noise {unknown}
 l - 3 scrolls of identify {unknown}
 m - a scroll of teleportation {unknown}
 n - a scroll of acquirement {unknown}
 o - a scroll of fear {unknown}
Potions
 d - a potion of might
 i - a potion of attraction {unknown}
 j - a potion of heal wounds {unknown}
 q - a potion of mutation {unknown}


   Skills:
 + Level 4.0 Fighting
 + Level 2.9 Maces & Flails
 + Level 4.0 Armour
 + Level 4.0 Shields


You had 3 spell levels left.
You didn't know any spells.
Your spell library was empty.

Dungeon Overview and Level Annotations

Branches:
Dungeon (3/15)

Altars:
Sif Muna

Shops:
D:1 =


Innate Abilities, Weirdness & Mutations

You are immune to sickness and miasma.
Your stone body is resilient. (AC +3)
You are immune to poison.
You resist negative energy. (rN+)
You are resistant to electric shocks. (rElec)
You are resistant to unholy torment.
You are immune to petrification.


Message History

There is a stone staircase leading down here.
You hit the gnoll.
Your weapon exudes an aura of protection.
The gnoll is lightly wounded.
The gnoll hits you but does no damage.
You hit the gnoll.
The gnoll is moderately wounded.
The gnoll barely misses you. The gnoll hits you with a +0 whip.
You sock the gnoll!
You kill the gnoll!
Your Fighting skill increases to level 4!
You climb downwards.
The ice beast barely misses you. The ice beast closely misses you.
There is a stone staircase leading up here.
The ice beast hits you but does no damage.
The gnoll hits you from afar with a +0 spear.
You climb upwards.
There is a stone staircase leading down here.
You completely miss the ice beast.
The ice beast hits you but does no damage.
You closely miss the ice beast. The ice beast hits you.
The ice beast freezes you!
You closely miss the ice beast. The ice beast closely misses you.
You barely miss the ice beast. The ice beast barely misses you.
The ice beast hits you but does no damage.
You sock the ice beast!
Your weapon exudes an aura of protection.
The ice beast is heavily wounded.
The ice beast hits you but does no damage.
You hit the ice beast.
The ice beast is heavily wounded.
The ice beast barely misses you.
You barely miss the ice beast.
The ice beast is heavily wounded.
The ice beast hits you but does no damage.
You sock the ice beast!
The ice beast is severely wounded.
The ice beast barely misses you. The ice beast hits you.
The ice beast freezes you!
You die...

#...........#..##..#
#.......###.........
####÷......# #.##.##.†#
#........### #.##.<....
#........#####.###.....
#........#.............
#........#.............
#......Y.#...[.........
#....)@..#...........††
#....)...#.....(.......
#........#########.....
########## #.....
#..... ######


You could see an ice beast.

Vanquished Creatures
  3 adders (D:2)
  2 gnolls (D:2)
  A ribbon worm (D:2)
  6 bats (D:1)
  An endoplasm (D:1)
  4 goblins (D:1)
  4 hobgoblins
  7 kobolds
  3 quokkas
  6 ball pythons
  4 frilled lizards (D:2)
  4 rats
45 creatures vanquished.

Notes
Turn   | Place    | Note
-------+----------+-------------------------------------------
     0 | D:1      | Dittersdorf the Gargoyle Fighter began the quest for the
                  | Orb.
     0 | D:1      | Reached XP level 1. HP: 14/14 MP: 1/1
   150 | D:1      | Found Yrruce's Jewellery Emporium.
   152 | D:1      | Reached XP level 2. HP: 19/19 MP: 2/2
   768 | D:1      | Reached XP level 3. HP: 22/23 MP: 3/3
   776 | D:1      | Found a faded altar of an unknown god.
  1090 | D:2      | Reached XP level 4. HP: 29/29 MP: 4/4
  1224 | D:2      | Found a shimmering blue altar of Sif Muna.
  1394 | D:3      | Noticed an ice beast
  1455 | D:2      | Slain by an ice beast

Illustrated notes

Levels and vault maps discovered:
D:1:      scummos_arrival_checkerplants, layout_loops_corners, serial_shops,
          shop, shapermc_ecumenical_altar_pompeii
D:2:      minmay_alternating_diamond, layout_rooms, basic_altar
D:3:      layout_loops_ring, nicolae_ru_great_annihilating_truth, uniq_robin

Skill      XL: |  1  2  3  4 |
---------------+-------------+-----
Armour         | 4 |  4.0
Shields        | 4 |  4.0
Fighting       | 4 |  4.0
Maces & Flails | |  2.9

Action                     |  1- 3 |  4- 6 || total
---------------------------+-------+-------++-------
  Melee: Flail             |   123 |    35 ||   158
 Armour: Scale mail        |   147 |    29 ||   176
  Dodge: Dodged            |    54 |    25 ||    79
  Block: Buckler           |    23 |     2 ||    25

Table legend: (Time is in decaauts)
 A = Elapsed time spent in this place.
 B = Non-inter-level travel time spent in this place.
 C = Inter-level travel time spent in this place.
 D = Time resting spent in this place.
 E = Time spent auto-exploring this place.
 F = Levels seen in this place.
 G = Mean time per level.
                   A        B        C        D        E       F      G
               +--------+--------+--------+--------+--------+-----+--------+
         Total |   1506 |   1458 |     48 |     29 |   1070 |   3 |  502.0 |
       Dungeon |   1506 |   1458 |     48 |     29 |   1070 |   3 |  502.0 |
               +--------+--------+--------+--------+--------+-----+--------+

Top non-repeatable levels by time:
     D:1: 947 daAuts
     D:2: 551 daAuts
     D:3: 6 daAuts
